 Dungeon Crawl Stone Soup version 0.22-a0-346-ga714374 (webtiles) character file.

1390525 Amnesiac the Acrobat (level 23, 150/150 HPs)
             Began as a Spriggan Gladiator on Apr 6, 2018.
             Was an Initiate of Gozag.
             Escaped with the Orb
             ... and 3 runes!
             The game lasted 03:42:34 (86449 turns).

Amnesiac the Acrobat (Spriggan Gladiator)          Turns: 86449, Time: 03:42:34

Health: 150/150    AC: 21    Str: 22      XL:     23   Next: 39%
Magic:  34/34      EV: 40    Int: 14      God:    Gozag
Gold:   1841       SH: 12    Dex: 23 (24) Spells: 14/42 levels left

rFire    + . .     SeeInvis +   w - +3 demon blade (elec)
rCold    . . .     Gourm    .   R - +3 buckler {reflect}
rNeg     + . .     Faith    .   D - +4 robe of Augmentation {Str+4 Int+4 Dex+4}
rPois    .         Spirit   .   k - +2 hat
rElec    +         Reflect  +   Q - +2 cloak {+Inv}
rCorr    .         Harm     .   (gloves unavailable)
MR       ++++.                  (boots unavailable)
Stlth    ++++......             m - macabre finger necklace {rN+}
HPRegen  0.35/turn              P - ring of the Octopus King {rF+ AC+1 EV+1 Str+1 Int+1 Dex+1}
MPRegen  0.24/turn              i - ring of Robustness {AC+8}
                                Y - ring of Shadows {Umbra +Inv Stlth+}

@: very slightly contaminated, wreathed by umbra, studying Throwing, deflect
missiles, very quick
A: very small, unfitting armour, thin metallic scales 1, see invisible, deformed
body, deterioration 1, dopey 1, herbivore, speed 3, low mp 1, robust 1,
electricity resistance, slow metabolism 2, evolution 1
0: Orb of Zot
}: 3/15 runes: barnacled, abyssal, gossamer
a: Potion Petition, Call Merchant, Bribe Branch, Renounce Religion, Evoke
Invisibility


You escaped.
You worshipped Gozag.
Gozag was most pleased with you.
You were full.

You visited 10 branches of the dungeon, and saw 46 of its levels.
You visited the Abyss 1 time.
You also visited: Labyrinth, Ice Cave and Volcano.

You collected 21696 gold pieces.
You spent 4771 gold pieces at shops.
You paid 15084 gold pieces to Gozag.

Inventory:

Hand Weapons
 a - a +3 dagger of venom
 b - a +8 fustibalus of freezing
 r - a +0 fustibalus of chaos
 w - a +3 demon blade of electrocution (weapon)
Missiles
 g - 3 throwing nets
 q - 1073 stones
 F - 3 silver tomahawks
 T - 36 tomahawks (quivered)
 W - 94 sling bullets
Armour
 k - a +2 hat (worn)
 D - the +4 robe of Augmentation (worn) {Str+4 Int+4 Dex+4}
   (You found it on level 8 of the Dungeon)

   It affects your strength (+4).
   It affects your intelligence (+4).
   It affects your dexterity (+4).
 Q - a +2 cloak of invisibility (worn)
 R - a +3 buckler of reflection (worn)
Jewellery
 i - the ring of Robustness (right hand) {AC+8}
   (You found it on level 1 of the Depths)

   [ring of protection]

   It affects your AC (+8).
 m - the macabre finger necklace (around neck) {rN+}
   (You bought it in a shop on level 6 of the Lair of Beasts)

   [amulet of nothing]

   It protects you from negative energy.
 o - an uncursed ring of wizardry
 y - an uncursed ring of flight
 K - an uncursed ring of resist corrosion
 N - an uncursed ring of protection from cold
 P - a ring of the Octopus King (left hand) {rF+ AC+1 EV+1 Str+1 Int+1 Dex+1}
   (You found it on level 3 of the Elven Halls)

   [ring of protection from fire]

   It affects your AC (+1).
   It affects your evasion (+1).
   It affects your strength (+1).
   It affects your intelligence (+1).
   It affects your dexterity (+1).
   It protects you from fire.
 S - the ring "Jubb" {*Corrode rElec EV+2 Str+4}
   (You took it off a deep elf mage on level 3 of the Elven Halls)

   [ring of evasion]

   It affects your evasion (+2).
   It affects your strength (+4).
   It insulates you from electricity.
   It may corrode you when you take damage.
 Y - the ring of Shadows (on amulet) {Umbra +Inv Stlth+}
   (You bought it in a shop on level 1 of the Shoals)

   [ring of stealth]

   It lets you turn invisible.
   It makes you more stealthy.
Wands
 n - a wand of digging (64)
 v - a wand of iceblast (8)
 A - a wand of clouds (4)
 G - a wand of paralysis (15)
 I - a wand of enslavement (23)
 J - a wand of acid (20)
Scrolls
 h - 14 scrolls of remove curse {!r}
 l - 3 scrolls of blinking {!r}
 s - 17 scrolls of teleportation {!r}
 u - 7 scrolls of fog {!r}
 H - 9 scrolls of fear {!r}
 M - 5 scrolls of vulnerability {!r}
 U - 2 scrolls of summoning {!r}
 Z - 18 scrolls of identify {!r}
Potions
 c - 4 potions of invisibility {!q}
 e - 8 potions of curing {!q}
 j - 5 potions of agility {!q}
 p - 3 potions of might {!q}
 t - 4 potions of haste {!q}
 z - a potion of brilliance {!q}
 B - 3 potions of heal wounds {!q}
 C - 4 potions of magic {!q}
 L - 2 potions of resistance {!q}
 O - a potion of cancellation {!q}
 V - a potion of mutation {!q}
Books
 E - a manual of Throwing
Miscellaneous
 d - a lamp of fire
 X - a phial of floods
Comestibles
 f - 11 rations


   Skills:
 * Level 20.0 Fighting
 - Level 8.0(13.5) Short Blades
 - Level 13.5(14.0) Long Blades
 - Level 11.1(14.0) Slings
 - Level 12.0(13.2) Throwing
 + Level 22.2 Dodging
 - Level 15.0 Stealth
 - Level 7.2 Shields
 - Level 10.0 Spellcasting
 - Level 10.0 Charms
 - Level 5.0 Air Magic
 + Level 16.7 Evocations


You had 14 spell levels left.
You knew the following spells:

 Your Spells              Type           Power        Failure   Level  Hunger
a - Ensorcelled Hibernat  Hex/Ice        #.....       16%         2    None
b - Passwall              Tmut/Erth      #.........   16%         2    None
c - Summon Butterflies    Summ           #.......     11%         1    None
d - Apportation           Tloc           #.....       11%         1    None
e - Mephitic Cloud        Conj/Pois/Air  ##......     16%         3    #......
f - Summon Lightning Spi  Summ/Air       ##......     36%         4    ###....
g - Deflect Missiles      Chrm/Air       ####......   58%         6    ######.
r - Regeneration          Chrm/Necr      ###.......   4%          3    #......
s - Conjure Flame         Conj/Fire      #.......     30%         3    #......
v - Blink                 Tloc           N/A          16%         2    None
z - Confusing Touch       Hex            #.....       11%         1    None


Dungeon Overview and Level Annotations

Branches:
Dungeon (15/15)            Temple (1/1) D:6            Lair (6/6) D:11
 Shoals (4/4) Lair:3       Spider (4/4) Lair:3        Slime (1/5) Lair:6
    Orc (2/2) D:10            Elf (3/3) Orc:2        Vaults (0/5) D:13
 Depths (5/5) D:15            Zot (5/5) Depths:5

Altars:
Ashenzari
Cheibriados
Dithmenos
Elyvilon
Fedhas
Gozag
Hepliaklqana
Kikubaaqudgha
Makhleb
Nemelex Xobeh
Okawaru
Qazlal
Ru
Sif Muna
Trog
Uskayaw
Vehumet
Wu Jian
Xom
Yredelemnul
Zin
The Shining One
Beogh
Jiyva

Shops:
D:10 *[(   D:14 [   Orc:2 [([:   Elf:1 }   Elf:2 }   Lair:1 ?([   Lair:6 =
Shoals:1 =   Depths:2 }==*   Depths:3 ?

Portals:
Hell: Depths:1 Depths:2 Depths:3 Depths:4 Depths:5
Abyss: Depths:1 Depths:3 Depths:4 Depths:5
Pandemonium: Depths:1 Depths:2 Depths:3
Ziggurat: Depths:1

Annotations:
Zot:4 exclusion: storm dragon


Innate Abilities, Weirdness & Mutations

You are very small and have problems with some larger weapons.
You are too small for most types of armour.
You have supernaturally acute eyesight. (SInv)
You are a herbivore.
You cover ground extremely quickly.
You need to consume almost no food.
You are partially covered in thin metallic scales. (AC +2)
Armour fits poorly on your strangely shaped body.
Your body sometimes deteriorates upon taking damage.
You are dopey. (Int -2)
Your magical capacity is low. (-10% MP)
You are robust. (+10% HP)
You are resistant to electric shocks. (rElec)
You evolve.


Message History

Where to? (Enter - D:1, ? - help)
What level of the Dungeon? (default 1, ? - help)
A crimson imp comes into view.
The crimson imp blinks!
The crimson imp blinks!
An ice devil comes into view.
There is a stone staircase leading up here.
You climb upwards.
There is a stone staircase leading down here.
You eat one of the 14 rations.
That ration really hit the spot!
You eat one of the 13 rations.
That ration really hit the spot!
You eat one of the 12 rations.
That ration really hit the spot!
(D) Dungeon (T) Temple (L) Lair (A) Shoals (N) Spider Nest (M) Slime Pits (O) Orcish Mines (E) Elven Halls (V) Vaults (U) Depths (H) Hell (Z) Zot
Where to? (Enter - D:1, ? - help)
What level of the Dungeon? (default 1, ? - help)
An Orb Guardian comes into view.
The Orb Guardian moves out of view.
There is a stone staircase leading up, spattered with blood here.
You climb upwards.
An orange demon comes into view.
There is a stone staircase leading down here.
You hit the orange demon.
The orange demon is lightly wounded.
You slash the orange demon!
The orange demon is moderately wounded.
You slash the orange demon!
The orange demon is severely wounded.
You block the orange demon's attack. The orange demon completely misses you.
You slice the orange demon!!
Lightning courses through the orange demon!
You kill the orange demon!
You now have 1841 gold pieces (gained 7).
(D) Dungeon (T) Temple (L) Lair (A) Shoals (N) Spider Nest (M) Slime Pits (O) Orcish Mines (E) Elven Halls (V) Vaults (U) Depths (H) Hell (Z) Zot
Where to? (Enter - D:1, ? - help)
What level of the Dungeon? (default 1, ? - help)
There is an open door here.
An Orb Guardian comes into view.
There is a stone staircase leading up here.
You climb upwards.
There is a stone staircase leading down here.
(D) Dungeon (T) Temple (L) Lair (A) Shoals (N) Spider Nest (M) Slime Pits (O) Orcish Mines (E) Elven Halls (V) Vaults (U) Depths (H) Hell (Z) Zot
Where to? (Enter - D:1, ? - help)
What level of the Dungeon? (default 1, ? - help)
There is a stone staircase leading up here.
You climb upwards.
There is a stone staircase leading down here.
There is a stone staircase leading up here.
You climb upwards.
There is a stone staircase leading down here.
There is a stone staircase leading up here.
You climb upwards.
There is a stone staircase leading down here.
You see here a dagger.
A blizzard demon comes into view.
There is a staircase leading out of the dungeon here.
The blizzard demon gestures at you. The freezing blast misses you.
You have escaped!

.# #.# #.#### ########### #
.#
#.######....###.........# #
.#
#.....##..#..##.#######.# #
.# #.###.#..#.#..#.#### #.#
# .#
#.......#...#......####.###
.#
#..#####.....#####.....)...
.#
#...#...........#...###.###
.#
#...(#...§§§...#...........
##
##...#...§@§§..#..##.##.###
#..#....§§§..2.#.......# #
#.#####.....#####...#### #
#......#...#......#.# #
######..#.#....##...# #
#...#..#.......######
#.#...########.....##
#.##.## #.....#.## #.##.#
#.#.#[#.##


You could see a blizzard demon.

Vanquished Creatures
  An ancient lich (Zot:4)
  Mara (Depths:1)
  An orb of fire (Zot:5)
  Margery (Depths:4)
  A Killer Klown (Zot:4)
  4 golden dragons
  Nikola (Shoals:2)
  Jory (Depths:5)
  Arachne (Spider:2)
  Jorgrun (Shoals:2)
  Rupert (D:11)
  3 Orb Guardians (Zot:5)
  5 tentacled monstrosities
  A titan (Depths:2)
  3 quicksilver dragons
  Asterion (Elf:2)
  A deep elf blademaster (Elf:3)
  A death cob (Depths:5)
  2 sphinxes (Depths:2)
  An acid blob (Lair:6)
  Agnes (Elf:1)
  Polyphemus (Shoals:3)
  Frances (Elf:1)
  3 tengu reavers
  2 storm dragons
  Roxanne (Shoals:3)
  4 shadow dragons
  Donald (Lair:3)
  3 draconian monks
  Ilsuiw (Shoals:3)
  4 frost giants
  9 fire giants
  An orc warlord (Orc:2)
  2 ghost moths (Spider:4)
  8 deep elf sorcerers
  2 iron dragons
  Aizul (Shoals:2)
  3 draconian knights
  5 emperor scorpions
  Louise (D:15)
  A draconian scorcher (Zot:5)
  A reaper (Abyss:2)
  4 draconian annihilators
  5 deep elf elementalists (Elf:3)
  2 spriggan defenders (Depths:3)
  11 very ugly things
  11 stone giants
  6 deep elf demonologists
  3 green draconians
  A lorocyproca (Depths:3)
  2 grey draconians (Depths:5)
  The ghost of whitenoisemaker the Sluggish Troll, a journeyman TrMo of Cheibriados (Lair:5)
  2 entropy weavers
  5 vampire knights
  A minotaur (Lab)
  A black draconian (Zot:5)
  12 spark wasps
  2 purple draconians (Depths:5)
  3 yellow draconians
  2 red draconians
  8 deep elf annihilators
  Azrael (Elf:1)
  2 white draconians (Depths:5)
  4 merfolk javelineers
  Snorg (D:11)
  A deep elf death mage (Elf:1)
  8 merfolk impalers
  9 ettins
  The ghost of galech the Grappler, a journeyman TrMo of Okawaru (D:10)
  2 deep elf high priests
  5 yaktaur captains
  4 fire dragons
  Josephine (D:15)
  5 ogre magi
  4 vault guards
  3 jiangshi (Depths:2)
  Erolcha (Orc:1)
  12 ice dragons
  5 centaur warriors
  7 great orbs of eyes
  3 catoblepae
  2 hydras
  8 rakshasas
  An alligator snapping turtle (Shoals:4)
  3 merfolk aquamancers
  21 two-headed ogres
  Erica (D:11)
  3 merfolk avatars
  2 tengu warriors
  2 satyrs
  9 death yaks
  5 deep troll earth magi
  6 thrashing horrors
  4 deep troll shamans
  2 orc high priests (Orc:2)
  3 vampire magi
  3 spriggan berserkers
  21 deep elf knights
  Urug (D:15)
  A sun demon (Depths:3)
  10 hell knights
  Nergalle (D:12)
  A sixfirhy (Zot:5)
  A fire crab (Orc:1)
  11 iron trolls
  4 skeletal warriors (D:12)
  2 fire crabs (shapeshifter)
  2 unseen horrors
  A flayed ghost (Depths:2)
  13 sea snakes
  The ghost of Nib the Covert, a novice OpAs of Okawaru (D:6)
  16 deep trolls
  2 glowing orange brains (Depths:2)
  An infernal demonspawn (Depths:1)
  A wizard (Depths:1)
  15 deep elf archers
  A torturous demonspawn (Depths:1)
  An orc knight (Orc:2)
  14 harpies
  2 phantasmal warriors (Depths:5)
  The ghost of Fingolfin the Skirmisher, a novice MfTm of Gozag (D:4)
  A swamp dragon (Lair:6)
  43 ugly things
  A shadow dragon zombie (Depths:1)
  4 necromancers
  11 cyclopes
  54 deep elf magi
  2 orc sorcerers (Orc:2)
  A fire giant zombie (Depths:1)
  16 orb spiders
  33 wolf spiders
  2 oklob plants
  13 fauns
  A salamander (Depths:1)
  8 manticores
  A worldbinder (Abyss:5)
  10 moths of wrath
  9 merfolk sirens
  An apocalypse crab (Abyss:5)
  3 ice statues (IceCv)
  A guardian serpent (Lair:6)
  2 smoke demons
  3 water nymphs (Shoals:4)
  3 torpor snails
  A water nymph (shapeshifter) (Depths:4)
  A gargoyle (D:15)
  8 black mambas
  2 orange demons
  17 spiny frogs
  4 centaur skeletons
  4 rime drakes
  A hellion (Depths:1)
  4 efreet
  11 komodo dragons
  2 freezing wraiths
  12 yaktaurs
  9 demonic crawlers
  3 hellwings
  6 tengu conjurers
  An ancient zyme (Abyss:2)
  8 trolls
  A jumping spider (shapeshifter) (D:14)
  5 wind drakes
  45 jumping spiders
  21 merfolk
  15 hornets
  A hornet (shapeshifter) (Depths:3)
  A polar bear (Lair:2)
  26 slime creatures
  17 blink frogs
  6 dream sheep
  8 hippogriffs
  5 large abominations
  11 snapping turtles
  56 redbacks
  5 shadows
  5 spriggans
  2 air elementals
  7 tarantellas
  16 wyverns
  2 ice dragon skeletons (Depths:1)
  15 water elementals
  4 vampires
  7 wraiths
  5 fire elementals
  27 yaks
  3 fire bats (Abyss:5)
  4 chaos spawn
  4 basilisks
  2 neqoxecs
  3 steam dragons
  4 vampire mosquitoes (D:15)
  2 wargs (Orc:2)
  A yaktaur simulacrum (Depths:1)
  A swamp worm (shapeshifter) (Depths:1)
  Edmund (D:5)
  Menkaure (D:5)
  A tengu zombie (Depths:1)
  4 hell hounds (Elf:1)
  A soldier ant (D:13)
  7 acid dragons
  20 water moccasins
  7 porcupines
  2 swamp drakes (Lair:6)
  4 black bears
  2 sky beasts
  14 ice beasts
  25 ogres
  35 orc warriors
  5 phantoms
  A wolf (shapeshifter) (Depths:2)
  16 wolves
  13 centaurs
  12 crocodiles
  3 elf zombies (Elf:1)
  4 big kobolds
  3 earth elementals
  15 bullfrogs
  4 small abominations (Abyss:2)
  3 gnoll sergeants
  The ghost of xccam the Fighter, a weakling GnWn (D:3)
  3 scorpions
  19 killer bees
  12 wights
  7 electric eels
  7 howler monkeys
  8 crimson imps
  5 centaur zombies
  10 hounds
  24 orc priests
  2 jellies (D:13)
  2 quasits (Depths:1)
  3 bullfrog skeletons
  2 iron imps
  Terence (D:2)
  4 hell rats (Lair:6)
  Natasha (thrice) (D:2)
  9 iguanas
  37 orc wizards
  A worker ant (shapeshifter) (Depths:2)
  14 worker ants
  A killer bee zombie (D:10)
  4 hound skeletons
  14 adders
  15 gnolls
  A howler monkey skeleton (D:5)
  A river rat (shapeshifter) (Depths:2)
  10 river rats
  7 shadow imps
  4 white imps
  2 ufetubi (Abyss:2)
  An ooze (D:2)
  3 adder skeletons
  A worm (D:3)
  3 dart slugs
  2 leopard geckos
  149 orcs
  3 ball pythons
  3 giant cockroaches
  4 goblins
  5 hobgoblins
  5 jackals (D:2)
  24 kobolds
  2 quokkas (D:6)
  4 bats
  A frilled lizard (D:2)
  A quokka zombie (D:8)
  34 rats
  2 fungi
  6 plants
1791 creatures vanquished.

Vanquished Creatures (collateral kills)
  An ancient lich (Zot:5)
  2 juggernauts (Depths:2)
  A curse toe (Zot:5)
  A golden dragon (Zot:5)
  An electric golem (Zot:5)
  3 Orb Guardians (Zot:5)
  An Ice Fiend (Zot:5)
  A storm dragon (Zot:5)
  A black sun (Zot:5)
  A stone giant (Depths:3)
  A deep elf death mage (Elf:3)
  A merfolk impaler (Shoals:4)
  3 merfolk aquamancers (Shoals:4)
  2 deep troll earth magi (Depths:1)
  A harpy (Shoals:4)
  A soul eater (Zot:5)
  2 deep trolls (Depths:1)
  An orb spider (shapeshifter) (Depths:3)
  2 fauns (Shoals:4)
  2 moths of wrath (Zot:5)
  A merfolk siren (Shoals:4)
  A yaktaur (Depths:1)
  2 merfolk (Shoals:4)
  A ynoxinul (Zot:5)
  A spriggan (Depths:3)
  A chaos spawn (Zot:5)
  2 plants (Shoals:4)
38 creatures vanquished.

Vanquished Creatures (others)
  5 ancient liches (Zot:5)
  2 orbs of fire (Zot:5)
  2 Killer Klowns (Zot:5)
  A golden dragon (Zot:5)
  An electric golem (Zot:5)
  A tentacled monstrosity (Zot:5)
  18 Orb Guardians (Zot:5)
  2 deep elf master archers (Elf:3)
  A death cob (Zot:5)
  2 quicksilver dragons (Zot:5)
  A shadow dragon (Zot:5)
  A ghost moth (Zot:5)
  A purple draconian (Zot:5)
  A merfolk javelineer (Shoals:4)
  A yaktaur captain (D:12)
  A satyr (Shoals:1)
  28 dancing weapons
  A soul eater (Zot:5)
  A sun demon (Zot:5)
  A sea snake (Shoals:4)
  A glowing orange brain (Zot:5)
  A necromancer (Depths:1)
  An ugly thing (IceCv)
  2 fauns (Shoals:3)
  A centaur skeleton (D:15)
  3 yaktaurs (Depths:1)
  A redback (Spider:4)
  A yak (D:13)
  A ynoxinul (Abyss:4)
  A wraith (D:12)
  A chaos spawn (Abyss:5)
  2 spatial vortices (Abyss:4)
  2 necrophages
  4 centaurs
  A small abomination (Abyss:2)
  A bullfrog zombie (D:13)
  An adder (D:10)
  A ball lightning (Shoals:3)
  An orc (Orc:1)
  A quokka (D:14)
  17 fungi
  A lurking horror (Abyss:5)
  38 plants
156 creatures vanquished.

Grand Total: 1985 creatures vanquished

Notes
Turn   | Place    | Note
-------+----------+-------------------------------------------
     0 | D:1      | Amnesiac the Spriggan Gladiator began the quest for the Orb.
     0 | D:1      | Reached XP level 1. HP: 10/10 MP: 2/2
   346 | D:1      | Reached XP level 2. HP: 13/14 MP: 3/3
   626 | D:2      | Noticed Terence
   687 | D:2      | Killed Terence
   687 | D:2      | Reached XP level 3. HP: 10/18 MP: 4/4
   832 | D:2      | Found a faded altar of an unknown god.
  1067 | D:2      | Noticed Natasha
  1072 | D:2      | Killed Natasha
  1072 | D:2      | Reached XP level 4. HP: 20/22 MP: 5/5
  1169 | D:2      | Reached skill level 5 in Short Blades
  1311 | D:2      | Reached skill level 1 in Stealth
  1524 | D:2      | Noticed Natasha
  1537 | D:2      | Killed Natasha
  1620 | D:2      | Noticed Natasha
  1705 | D:2      | Killed Natasha
  1705 | D:2      | Reached XP level 5. HP: 25/25 MP: 6/6
  2024 | D:3      | Reached skill level 5 in Stealth
  2207 | D:3      | Noticed xccam's ghost (weakling GnWn)
  2728 | D:4      | Noticed Fingolfin's ghost (novice MfTm)
  2777 | D:4      | Reached XP level 6. HP: 30/30 MP: 7/7
  3396 | D:4      | Reached XP level 7. HP: 18/33 MP: 8/8
  4713 | D:5      | Entered Level 5 of the Dungeon
  6087 | D:5      | Reached XP level 8. HP: 37/37 MP: 9/9
  6217 | D:5      | Noticed Menkaure
  6218 | D:5      | Found a hide-covered altar of Uskayaw.
  6230 | D:5      | Reached skill level 5 in Throwing
  6679 | D:5      | Noticed Edmund
  6682 | D:5      | Killed Edmund
  7105 | D:4      | Killed Fingolfin's ghost
  7105 | D:4      | Reached XP level 9. HP: 26/41 MP: 10/10
  7921 | D:3      | Killed xccam's ghost
  7921 | D:3      | Reached skill level 1 in Evocations
  8313 | D:5      | Killed Menkaure
  8980 | D:6      | Noticed Nib's ghost (novice OpAs)
  9019 | D:6      | Found a staircase to the Ecumenical Temple.
  9029 | Temple   | Entered the Ecumenical Temple
  9273 | Temple   | Became a worshipper of Gozag Ym Sagoz the Greedy
  9308 | D:6      | Found a shattered altar of Ashenzari.
  9327 | D:6      | Found a deep blue altar of Sif Muna.
  9378 | D:6      | Reached skill level 5 in Evocations
 10804 | D:8      | Found the +4 robe of Augmentation {Str+4 Int+4 Dex+4}
 11413 | D:8      | Reached skill level 5 in Dodging
 11803 | D:8      | Reached XP level 10. HP: 45/49 MP: 17/17
 11883 | D:8      | Reached skill level 6 in Dodging
 11924 | D:8      | Found a bloodstained altar of Trog.
 12187 | D:8      | Found a bloodstained altar of Trog.
 12616 | D:9      | Reached skill level 7 in Dodging
 12899 | D:9      | Found a burning altar of Makhleb.
 12899 | D:9      | Found a shimmering altar of Xom.
 12899 | D:9      | Found a glowing golden altar of the Shining One.
 12899 | D:9      | Found a shadowy altar of Dithmenos.
 12968 | D:9      | Reached skill level 5 in Fighting
 13345 | D:9      | Found a roughly hewn altar of Beogh.
 13515 | D:9      | Identified the Disquisition on Icy Companions
 13639 | D:9      | Noticed a two-headed ogre
 13653 | D:9      | Learned a level 2 spell: Ensorcelled Hibernation
 13678 | D:9      | Reached skill level 8 in Dodging
 13892 | D:9      | Killed a two-headed ogre
 14181 | D:10     | Entered Level 10 of the Dungeon
 14185 | D:10     | Noticed an unseen horror
 14206 | D:10     | Noticed galech's ghost (journeyman TrMo)
 14532 | D:10     | Killed an unseen horror
 14532 | D:10     | Reached skill level 9 in Dodging
 14662 | D:10     | Noticed a gargoyle
 15238 | D:10     | Found a staircase to the Orcish Mines.
 15575 | D:10     | Noticed a two-headed ogre
 15641 | D:10     | Reached XP level 11. HP: 58/58 MP: 18/18
 15648 | D:10     | Killed a two-headed ogre
 15790 | D:11     | Noticed an oklob plant
 15792 | D:11     | Found a staircase to the Lair.
 15943 | D:11     | Noticed Snorg
 15964 | D:11     | Killed Snorg
 15964 | D:11     | Reached skill level 10 in Dodging
 16077 | D:11     | Noticed a brown ugly thing
 16147 | D:11     | Killed a brown ugly thing
 16196 | D:11     | Noticed Erica
 16301 | D:11     | Killed Erica
 16301 | D:11     | Reached skill level 11 in Dodging
 16443 | D:11     | Found a frozen archway.
 16451 | IceCv    | Entered an ice cave
 16513 | IceCv    | Reached skill level 12 in Dodging
 16732 | IceCv    | Found the amulet of the Four Winds {rN+ MR+++ Clar}
 16743 | IceCv    | Noticed a white ugly thing
 17401 | IceCv    | Noticed a white ugly thing
 17449 | IceCv    | Killed a white ugly thing
 17480 | IceCv    | Got distressingly furry ice dragon scales
 17491 | IceCv    | Identified the +0 ice dragon scales of Nuadegah {rPois rF- rC++ MR- SInv} (You found it in an ice cave)
 17794 | D:10     | Reached skill level 10 in Throwing
 18222 | Orc:1    | Entered Level 1 of the Orcish Mines
 18222 | Orc:1    | Noticed Erolcha
 18223 | Orc:1    | Killed Erolcha
 18310 | Orc:1    | Noticed an ettin
 18359 | Orc:1    | Killed an ettin
 18359 | Orc:1    | Reached XP level 12. HP: 9/64 MP: 19/19
 19165 | Orc:2    | Entered Level 2 of the Orcish Mines
 19607 | Orc:2    | Found a staircase to the Elven Halls.
 19622 | Orc:2    | Found a roughly hewn altar of Beogh.
 19631 | Orc:2    | Noticed Nessos
 19633 | Orc:2    | Noticed Nessos
 19633 | Orc:2    | Nessos changed into Nessos the fire crab
 20064 | Orc:2    | Found a roughly hewn altar of Beogh.
 20482 | Orc:2    | Found a roughly hewn altar of Beogh.
 20482 | Orc:2    | Found Axodunt's Book Boutique.
 20482 | Orc:2    | Noticed an orc high priest
 20693 | Orc:2    | Killed an orc high priest
 21035 | Orc:2    | Found Ammiat's Armour Emporium.
 21226 | Orc:2    | Noticed an orc warlord
 21443 | Orc:2    | Killed an orc warlord
 21582 | Orc:2    | Noticed an orc high priest
 21612 | Orc:2    | Killed an orc high priest
 21684 | Orc:2    | Reached skill level 10 in Fighting
 21856 | Orc:2    | Found a roughly hewn altar of Beogh.
 21856 | Orc:2    | Found Efawetow's Antique Weapon Emporium.
 21940 | Orc:2    | Found Qisaopp's Antique Armour Shoppe.
 22078 | Orc:1    | Noticed a two-headed ogre
 22164 | Orc:2    | Killed a two-headed ogre
 22772 | D:10     | Bought a smoky silvery potion for 26 gold pieces
 22772 | D:10     | Bought a thick fluorescent amulet for 145 gold pieces
 22772 | D:10     | Bought a worn lead wand for 116 gold pieces
 22778 | D:10     | Bought a glowing cloak for 240 gold pieces
 22778 | D:10     | Bought a glowing buckler for 240 gold pieces
 22927 | D:6      | Killed Nib's ghost
 23148 | D:10     | Killed galech's ghost
 23577 | D:11     | Reached XP level 13. HP: 74/74 MP: 20/20
 23795 | Orc:1    | Killed Nessos the fire crab
 24004 | D:12     | Noticed Nergalle
 24119 | D:12     | Killed Nergalle
 24861 | D:12     | Reached skill level 1 in Shields
 25012 | D:12     | Noticed Rupert
 25172 | D:11     | Killed Rupert
 25325 | D:12     | Reached skill level 5 in Shields
 26361 | D:13     | Found a labyrinth entrance.
 26386 | Lab      | Entered a labyrinth
 26733 | Lab      | Noticed a minotaur
 26737 | Lab      | Killed a minotaur
 26738 | Lab      | Identified the Collected Works on the Enthralling Birds
 26739 | Lab      | Found the colourful robe
 26739 | Lab      | Got a colourful robe
 26775 | D:12     | Identified the cursed -5 robe of Misfortune {-Cast *Contam *Tele *Drain EV-5 Stlth-- *Curse} (You found it in a labyrinth)
 26972 | D:10     | Bought a scroll of identify for 58 gold pieces
 27387 | D:13     | Found the +0 mask of the Dragon {MR+ Slay+3 SInv}
 27430 | D:13     | Reached XP level 14. HP: 64/80 MP: 21/21
 27866 | D:12     | Reached skill level 10 in Evocations
 28671 | D:12     | Reached skill level 1 in Spellcasting
 28974 | D:13     | Learned a level 2 spell: Blink
 28981 | D:13     | Learned a level 6 spell: Deflect Missiles
 28985 | D:13     | Learned a level 3 spell: Mephitic Cloud
 29134 | D:13     | Got an ancient war axe
 29138 | D:13     | Found a gate to the Vaults.
 29377 | D:13     | Learned a level 3 spell: Conjure Flame
 29408 | D:14     | Reached skill level 5 in Spellcasting
 29787 | D:14     | Found Ceoros's Antique Armour Emporium.
 29957 | D:14     | Found a white marble altar of Elyvilon.
 30516 | D:15     | Entered Level 15 of the Dungeon
 30717 | D:15     | Identified the +10 war axe of the Magi {venom, rN+ MR+ Str-3 Dex+4} (You found it on level 13 of the Dungeon)
 30735 | D:15     | Noticed Urug
 30904 | D:15     | Noticed Louise
 30940 | D:15     | Killed Louise
 31176 | D:15     | Reached skill level 10 in Spellcasting
 31188 | D:15     | Reached skill level 1 in Charms
 31245 | D:15     | Reached skill level 5 in Charms
 31556 | D:15     | Reached XP level 15. HP: 56/84 MP: 30/30
 32596 | D:15     | Reached skill level 10 in Charms
 32687 | D:15     | Reached skill level 1 in Air Magic
 32748 | D:15     | Noticed Josephine
 32762 | D:15     | Killed Josephine
 32904 | D:15     | Killed Urug
 33366 | D:15     | HP: 1/84 [slime creature (5)]
 33938 | D:15     | Found a staircase to the Depths.
 34168 | Lair:1   | Entered Level 1 of the Lair of Beasts
 34485 | Lair:1   | Reached skill level 5 in Air Magic
 35740 | D:10     | Bought a +1 fustibalus of freezing for 442 gold pieces
 37275 | Lair:3   | Reached skill level 1 in Slings
 37480 | Lair:3   | Found a staircase to the Shoals.
 37560 | Lair:3   | Found a dark tunnel.
 37619 | Shoals:1 | Entered Level 1 of the Shoals
 37685 | Lair:1   | Bought a +2 robe of fire resistance for 177 gold pieces
 37802 | Volcano  | Entered a volcano
 37826 | Volcano  | Found a burning altar of Makhleb.
 38029 | Lair:3   | Reached skill level 5 in Slings
 38458 | Lair:3   | Found a hole to the Spider Nest.
 39586 | Lair:5   | Noticed whitenoisemaker's ghost (journeyman TrMo)
 39587 | Lair:5   | Found a shimmering altar of Xom.
 39873 | Lair:5   | Killed whitenoisemaker's ghost
 40654 | Lair:6   | Entered Level 6 of the Lair of Beasts
 41187 | Lair:6   | Reached XP level 16. HP: 86/88 MP: 31/31
 42202 | Lair:6   | Reached skill level 15 in Evocations
 42956 | Lair:6   | Found a runed door.
 42956 | Lair:6   | Found a viscous altar of Jiyva.
 42956 | Lair:6   | Found a staircase to the Slime Pits.
 43460 | Lair:6   | Bought the macabre finger necklace {rN+} for 720 gold pieces
 43460 | Lair:6   | Found the macabre finger necklace {rN+}
 43460 | Lair:6   | Bought an uncursed ring of protection from fire for 450 gold pieces
 43594 | Lair:6   | Bought an uncursed ring of protection from cold for 450 gold pieces
 43653 | Slime:1  | Entered Level 1 of the Pits of Slime
 43653 | Slime:1  | Noticed an acid blob
 43653 | Slime:1  | Noticed an acid blob
 43663 | Lair:6   | Killed an acid blob
 43938 | Elf:1    | Entered Level 1 of the Elven Halls
 44429 | Elf:1    | Noticed Frances
 44468 | Elf:1    | Killed Frances
 44645 | Elf:1    | Noticed Agnes
 44686 | Elf:1    | Killed Agnes
 45063 | Elf:1    | Noticed Azrael
 45067 | Elf:1    | Killed Azrael
 45067 | Elf:1    | Reached skill level 13 in Dodging
 45848 | Elf:1    | Learned a level 1 spell: Summon Butterflies
 46115 | Elf:1    | Identified the Disquisition on Sinister Rites
 46121 | Elf:1    | Learned a level 3 spell: Regeneration
 46321 | Elf:2    | Found Negaoh's Gadget Shop.
 46349 | Elf:1    | HP: 4/90 [deep elf knight/short sword (17)]
 46904 | Lair:6   | Bought an uncursed ring of wizardry for 540 gold pieces
 47075 | Elf:2    | Reached skill level 10 in Slings
 47240 | Elf:2    | Reached XP level 17. HP: 56/95 MP: 32/32
 47952 | Elf:2    | Noticed Asterion
 47956 | Elf:3    | Identified a paperback manual
 47956 | Elf:3    | Entered Level 3 of the Elven Halls
 48015 | Elf:3    | Reached skill level 14 in Dodging
 48108 | Elf:3    | Noticed a Brimstone Fiend
 49632 | Elf:2    | Killed Asterion
 49934 | Elf:2    | Found a huge runed gate.
 49934 | Elf:2    | Found a huge runed gate.
 49934 | Elf:2    | Found a huge runed gate.
 49937 | Elf:2    | Found a huge runed gate.
 49945 | Elf:2    | Found a huge runed gate.
 49986 | Elf:2    | Reached skill level 15 in Dodging
 52208 | Elf:3    | Noticed a deep elf master archer
 52214 | Elf:3    | Noticed an Ice Fiend
 52459 | Elf:3    | Noticed a deep elf blademaster
 52496 | Elf:3    | Killed a deep elf blademaster
 52713 | Elf:3    | Reached skill level 16 in Dodging
 52747 | Elf:3    | Reached skill level 15 in Fighting
 52900 | Elf:3    | Gained mutation: Your body sometimes deteriorates upon taking damage. [a cacodemon]
 53156 | Elf:3    | Reached XP level 18. HP: 87/104 MP: 33/33
 53437 | Elf:3    | Got a jewelled hand axe {chop}
 53645 | Elf:3    | Got a clouded lapis lazuli ring
 53778 | Elf:3    | Identified the ring "Jubb" {*Corrode rElec EV+2 Str+4} (You took it off a deep elf mage on level 3 of the Elven Halls)
 54071 | Elf:3    | Learned a level 1 spell: Apportation
 54073 | Elf:3    | Learned a level 1 spell: Confusing Touch
 54078 | Elf:3    | Found the +6 arbalest "Damnation" {damnation}
 54080 | Elf:3    | Found the ring of the Octopus King
 54114 | Elf:3    | Got a ring of the Octopus King
 54116 | Elf:3    | Identified a ring of the Octopus King {rF+ AC+1 EV+1 Str+1 Int+1 Dex+1} (You found it on level 3 of the Elven Halls)
 54242 | Elf:3    | Learned a level 4 spell: Summon Lightning Spire
 54409 | Spider:1 | Entered Level 1 of the Spider Nest
 54411 | Spider:1 | Noticed Donald
 54436 | Lair:3   | Killed Donald
 54451 | Spider:1 | Reached skill level 17 in Dodging
 55935 | Spider:2 | Noticed Arachne
 56006 | Spider:2 | Killed Arachne
 57818 | Spider:3 | Reached skill level 18 in Dodging
 58181 | Spider:4 | Entered Level 4 of the Spider Nest
 58598 | Spider:4 | Identified a scroll of acquirement
 58762 | Spider:4 | Reached XP level 19. HP: 86/111 MP: 34/34
 60183 | Spider:4 | Got a gossamer rune of Zot
 61005 | Shoals:1 | Bought the ring of Shadows {Umbra +Inv Stlth+} for 680 gold pieces
 61005 | Shoals:1 | Found the ring of Shadows {Umbra +Inv Stlth+}
 61372 | Shoals:2 | Noticed Jorgrun
 61391 | Shoals:2 | Killed Jorgrun
 61391 | Shoals:2 | Reached skill level 10 in Stealth
 61748 | Shoals:2 | Noticed Aizul
 61754 | Shoals:2 | Killed Aizul
 61984 | Shoals:3 | Noticed Nikola
 61985 | Shoals:3 | Noticed Roxanne
 62044 | Shoals:2 | Killed Nikola
 62228 | Shoals:3 | Killed Roxanne
 62922 | Shoals:3 | Noticed Polyphemus
 62956 | Shoals:3 | Killed Polyphemus
 63488 | Shoals:4 | Entered Level 4 of the Shoals
 63488 | Shoals:4 | Noticed Ilsuiw
 63498 | Shoals:4 | Reached skill level 15 in Stealth
 63620 | Shoals:3 | Killed Ilsuiw
 63905 | Shoals:3 | Reached skill level 19 in Dodging
 65213 | Shoals:4 | Reached XP level 20. HP: 118/118 MP: 35/35
 65607 | Shoals:4 | Got a barnacled rune of Zot
 65796 | Shoals:4 | Identified the amulet of the Hart {Inacc Str+3} (You found it on level 4 of the Shoals)
 65898 | Shoals:4 | Identified the amulet "Ygaap" {Gourm Str+4 Int+4} (You found it on level 4 of the Shoals)
 66143 | Elf:2    | Bought a box of beasts for 360 gold pieces
 66287 | Depths:1 | Entered Level 1 of the Depths
 66963 | Depths:1 | Found a gateway to a ziggurat.
 66999 | Depths:1 | Found a one-way gate leading to the halls of Pandemonium.
 67032 | Depths:1 | Gained mutation: You are dopey. (Int -2) [a neqoxec]
 67053 | Depths:1 | Reached skill level 20 in Dodging
 67104 | Depths:1 | Lost mutation: Your body sometimes deteriorates upon taking damage. [potion of mutation]
 67104 | Depths:1 | Lost mutation: You are dopey. (Int -2) [potion of mutation]
 67104 | Depths:1 | Gained mutation: You are robust. (+10% HP) [potion of mutation]
 67104 | Depths:1 | Gained mutation: You are resistant to electric shocks. (rElec) [potion of mutation]
 67104 | Depths:1 | Gained mutation: Your body sometimes deteriorates upon taking damage. [potion of mutation]
 67104 | Depths:1 | Gained mutation: You evolve. [potion of mutation]
 67815 | Depths:1 | Found the ring of Robustness {AC+8}
 68101 | Depths:1 | Found a gateway to Hell.
 68718 | Depths:1 | Found a one-way gate to the infinite horrors of the Abyss.
 69259 | Depths:2 | Noticed a juggernaut
 69440 | Depths:2 | Noticed Mara
 69445 | Depths:2 | Noticed Amnesiac's illusion
 69468 | Depths:1 | Killed Mara
 69779 | Depths:2 | Reached skill level 1 in Long Blades
 70009 | Depths:2 | Found Upti's Assorted Antiques.
 70044 | Depths:2 | Reached skill level 21 in Dodging
 70095 | Depths:2 | Found the +27 Lear's hauberk
 70345 | Depths:2 | Got a brightly glowing silver amulet
 70531 | Depths:2 | Found Tehukoups's Gadget Boutique.
 70531 | Depths:2 | Found Soabopa's Jewellery Shoppe.
 70532 | Depths:2 | Found Teneostre's Jewellery Shoppe.
 70698 | Depths:2 | Reached XP level 21. HP: 133/138 MP: 36/36
 71159 | Depths:2 | Killed a juggernaut
 71169 | Depths:2 | Identified the amulet "Cinaaf" {Gourm rF+ MP+9 Str-3 Int+4} (You took it off a fire giant on level 2 of the Depths)
 71192 | Depths:2 | Identified the cursed +1 robe "Saxoxoun" {rC+ rN+ MR+ Dex-2} (You took it off a tengu conjurer on level 2 of the Depths)
 71291 | Depths:2 | Noticed a juggernaut
 71631 | Depths:2 | Reached skill level 5 in Long Blades
 71709 | Depths:2 | Killed a juggernaut
 71903 | Depths:2 | Identified the Tome of Lethal Transmutation
 71990 | Depths:2 | Learned a level 2 spell: Passwall
 72418 | Depths:3 | Found Riutealec's Magic Scroll Shoppe.
 72421 | Depths:3 | Bought a scroll of enchant weapon for 127 gold pieces
 73233 | Depths:3 | Got an ancient short sword
 73248 | Depths:3 | Noticed a golden dragon
 73288 | Depths:3 | Killed a golden dragon
 73787 | Depths:3 | Found the amulet of the Air {Inacc +Fly rElec EV+5 RMsl}
 73802 | Depths:3 | Identified the Collected Works on Entrancing Clay
 73925 | Depths:3 | Gained mutation: You are partially covered in thin metallic scales. (AC +2) [evolution]
 74598 | Depths:3 | Reached skill level 10 in Long Blades
 74853 | Depths:3 | Noticed a golden dragon
 74870 | Depths:3 | Killed a golden dragon
 75636 | Depths:4 | Noticed Margery
 75808 | Depths:5 | Entered Level 5 of the Depths
 76114 | Depths:5 | Noticed Jory
 76231 | Depths:5 | Killed Jory
 76439 | Depths:5 | Reached XP level 22. HP: 143/143 MP: 37/37
 77577 | Depths:5 | Noticed a golden dragon
 78240 | Depths:5 | Killed a golden dragon
 78420 | Depths:5 | Found a gate to the Realm of Zot.
 79404 | Depths:4 | Killed Margery
 80515 | Depths:5 | Voluntarily entered the Abyss.
 80541 | Abyss:1  | Found a blossoming altar of Fedhas.
 81049 | Abyss:4  | Found a corrupted altar of Lugonu.
 81082 | Abyss:4  | Found a corrupted altar of Lugonu.
 81117 | Abyss:4  | Found a roughly hewn altar of Beogh.
 81165 | Abyss:5  | Entered Level 5 of the Abyss
 81279 | Abyss:5  | Got an abyssal rune of Zot
 81305 | Abyss:5  | Found a shimmering altar of Xom.
 81377 | Depths:5 | Escaped the Abyss
 81443 | Zot:1    | Entered Level 1 of the Realm of Zot
 83444 | Zot:5    | Entered Level 5 of the Realm of Zot
 83470 | Zot:5    | Noticed a Killer Klown
 83636 | Zot:4    | Killed a Killer Klown
 83990 | Zot:5    | Reached XP level 23. HP: 132/149 MP: 38/38
 84171 | Zot:5    | Noticed an ancient lich
 84221 | Zot:5    | Killed an ancient lich
 84383 | Zot:5    | Noticed an ancient lich
 84707 | Zot:4    | Killed an ancient lich
 85018 | Zot:5    | Noticed an orb of fire
 85026 | Zot:5    | Noticed a Killer Klown
 85029 | Zot:5    | Noticed an ancient lich
 85030 | Zot:5    | Noticed an ancient lich
 85030 | Zot:5    | Noticed an orb of fire
 85032 | Zot:5    | Noticed an ancient lich
 85032 | Zot:5    | Noticed an orb of fire
 85033 | Zot:5    | Killed an ancient lich
 85056 | Zot:5    | Killed a Killer Klown
 85073 | Zot:5    | Gained mutation: Armour fits poorly on your strangely shaped body. [an orb of fire]
 85074 | Zot:5    | Gained mutation: Your magical capacity is low. (-10% MP) [an orb of fire]
 85075 | Zot:5    | Gained mutation: You are dopey. (Int -2) [an orb of fire]
 85082 | Zot:5    | Killed an orb of fire
 85082 | Zot:5    | Reached skill level 22 in Dodging
 85103 | Zot:5    | Noticed a curse toe
 85114 | Zot:5    | Killed a curse toe
 85141 | Zot:5    | Killed an ancient lich
 85165 | Zot:5    | Killed an ancient lich
 85585 | Zot:5    | Noticed a curse toe
 85619 | Zot:5    | Killed an orb of fire
 85638 | Zot:5    | Killed an ancient lich
 85670 | Zot:5    | Noticed an ancient lich
 85793 | Zot:5    | Got the Orb of Zot
 85794 | Zot:5    | Noticed an orb of fire
 85864 | Zot:5    | Killed a Killer Klown
 85885 | Zot:5    | Killed an orb of fire
 85996 | Depths:5 | Noticed Qaz Zom the pandemonium lord
 86124 | Depths:1 | Noticed Viurrah the pandemonium lord
 86261 | D:8      | Noticed Dolid the pandemonium lord
 86449 | D:$      | Escaped with the Orb!

Vault maps used:
D:1:      scummos_arrival_star
D:2:      chequers_ecumenical_altar_simple, uniq_terence, uniq_natasha
D:3:      minmay_strange_pillars
D:4:      kennysheep_kobold_camp
D:5:      lemuel_crystal_altar, first_ration, uniq_edmund, uniq_menkaure
D:6:      kennysheep_mini_moat, overflow_temple_1_default,
          minmay_temple_entry_butterflies, dk_rats_in_the_wall
D:8:      lemuel_coloured_pillars_altar, the_bakery, trog_three_pillars_becter
D:9:      chequers_temple_overflow_statue_of_worship, special_room,
          roderic_lattice_a
D:10:     kennysheep_orc_monster_closet_entryway
D:11:     dpeg_oklobed_lair, portal_ice_cave_entry_pillars_2, uniq_snorg,
          uniq_erica
D:12:     minmay_connected_boxes_in_corner, serial_bayou_pond_e, uniq_rupert,
          uniq_nergalle
D:13:     lightli_vaults_fourway_checkpoint, lab_entry_generic,
          serial_park_tiny_pond
D:14:     elyvilon_altar_4, serial_shops, shop
D:15:     hangedman_depths_entry_civil_slaughter, palyth_stone_intersect,
          solitary_fountain, skrybe_limestone_x, uniq_urug, uniq_josephine,
          uniq_louise
Temple:   minmay_temple_curvy_branch
Lair:1:   fungi_pond_lemuel
Lair:2:   grunt_forest_stairs_clearing
Lair:3:   elwin_shoals_entry_stream, nicolae_spider_entry_tight_spaces,
          nicolae_volcano_entry_s_turn, grunt_megastairs_3
Lair:5:   basic_altar
Lair:6:   guppyfry_lair_end_dragon, hangedman_lair_tendril_chambers,
          slime_altar_2, kennysheep_abandoned_house
Shoals:1: nicolae_shoals_water_elemental_grotto
Shoals:2: argonaut_golden_fleece, uniq_jorgrun, uniq_aizul
Shoals:3: uniq_roxanne, uniq_polyphemus, uniq_nikola
Shoals:4: shoals_end_simple, shoal_ilsuiw
Spider:1: nicolae_spider_webbed_stairs, uniq_donald
Spider:2: uniq_arachne
Spider:4: spider_rune_water, guppyfry_spider_mini_1
Orc:1:    nicolae_orc_rockfall, uniq_erolcha
Orc:2:    grunt_orc_community_town_hall, grunt_orc_community_big_house_1,
          grunt_orc_community_big_house_1, grunt_orc_community_house_1,
          grunt_orc_community_house_3, grunt_orc_community_house_3,
          grunt_orc_community_house_2, uniq_nessos
Elf:1:    minmay_elf_necromancy, uniq_azrael, uniq_frances, uniq_agnes
Elf:2:    serial_shops, shop, uniq_asterion
Elf:3:    minmay_elf_hall_dome
Depths:1: enter_ziggurat_d, nrook_mini_vaults, grunt_pan_entry_spiral,
          hangedman_coc_ice_floe, abyss_entry, minmay_guarded_unrand_robustness
Depths:2: kennysheep_bubble_arena, grunt_decor_arrowhead, serial_shops,
          nicolae_shop_window_shopping, pan_entry, pf_hell_entry_tar_spiral,
          minmay_shop_grove, uniq_mara
Depths:3: grunt_arcs, hangedman_decor_growths, abyss_entry,
          rand_demon_pan_entry_7, hell_entry, serial_shops,
          nicolae_shop_behind_doors
Depths:4: kennysheep_funnel, hangedman_geh_valley, abyss_entry, minivault_22,
          infiniplex_staircase_pool_2, serial_bayou_shore_b, uniq_margery
Depths:5: evilmike_zot_entry_gauntlet, abyss_entry, hell_entry, serial_sigils,
          serial_sigils_hangedman_scar, serial_sigils_hangedman_gnaw,
          serial_sigils_hangedman_shear, serial_sigils_hangedman_etch,
          serial_sigils_hangedman_shear, uniq_jory
Zot:2:    kennysheep_bubbly
Zot:4:    lemuel_draconian_sentries_small
Zot:5:    bh_zot_ikea_curve
Abyss:2:  minivault_11, hangedman_abyss_town
Abyss:3:  evilmike_nicolae_abyss_rune_betentacled_crabyss
Abyss:4:  gammafunk_abyss_exit_x_factor, lemuel_flamethrower_2,
          evilmike_nicolae_abyss_rune_containment_curve,
          guppyfry_abyss_exit_spiral_guarded
Abyss:5:  hangedman_abyss_or_decor_jellyfish_corner,
          hangedman_abyss_rune_flesh_and_stone
Lab:      nicolae_lab_swirl, nicolae_lab_x, lab_statue
IceCv:    ice_cave_statue_garden_chambered
Volcano:  kennysheep_volcano_temple

Skill      XL: |  1  2  3  4  5  6  7  8  9 10 11 12 13 14 15 16 17 18 19 20 21 22 23 |
---------------+----------------------------------------------------------------------+-----
Short Blades   | 4 5 6 7 8 |  8.0
Throwing       | 3 4 8 11 12 | 12.0
Stealth        | 4 6 7 8 15 | 15.0
Evocations     | 9 11 13 15 16 | 16.7
Fighting       | 3 7 8 11 12 13 15 16 17 19 20 | 20.0
Dodging        | 5 9 12 13 16 18 19 21 22 | 22.2
Shields        | 7 |  7.2
Spellcasting   | 10 | 10.0
Charms         | 7 10 | 10.0
Air Magic      | 5 |  5.0
Slings         | 8 10 11 | 11.1
Long Blades    | 3 11 13 | 13.5

Action                   |  1- 3 |  4- 6 |  7- 9 | 10-12 | 13-15 | 16-18 | 19-21 | 22-24 || total
-------------------------+-------+-------+-------+-------+-------+-------+-------+-------++-------
Melee: Rapier            |    17 |       |       |       |       |       |       |       ||    17
       Dagger            |    22 |   190 |   757 |  1746 |  1578 |   772 |   589 |   131 ||  5785
       Scimitar          |       |       |       |       |   191 |       |       |       ||   191
       Demon blade       |       |       |       |       |       |       |   284 |   256 ||   540
       Unarmed           |       |       |       |       |       |       |    28 |       ||    28
 Fire: Fustibalus        |       |       |       |       |   529 |  1324 |  1903 |   857 ||  4613
Throw: Stone             |       |    25 |    88 |    18 |    44 |    38 |    17 |     1 ||   231
       Throwing net      |       |     1 |     3 |     2 |       |       |    17 |     4 ||    27
       Tomahawk          |       |       |       |    49 |   157 |   164 |   302 |    16 ||   688
 Cast: Ensorcelled Hiber |       |       |       |       |    10 |       |       |       ||    10
       Conjure Flame     |       |       |       |       |     2 |     7 |     2 |       ||    11
       Blink             |       |       |       |       |     2 |     8 |     3 |    15 ||    28
       Deflect Missiles  |       |       |       |       |     1 |     7 |     4 |     6 ||    18
       Mephitic Cloud    |       |       |       |       |       |     6 |     4 |       ||    10
       Summon Lightning  |       |       |       |       |       |     1 |     1 |       ||     2
       Confusing Touch   |       |       |       |       |       |       |     9 |       ||     9
       Regeneration      |       |       |       |       |       |       |     1 |    26 ||    27
       Passwall          |       |       |       |       |       |       |       |    13 ||    13
       Apportation       |       |       |       |       |       |       |       |    17 ||    17
Invok: Call Merchant     |       |       |       |     3 |     3 |     1 |     1 |       ||     8
       Potion Petition   |       |       |       |       |       |       |       |     3 ||     3
       Bribe Branch      |       |       |       |       |       |       |       |     2 ||     2
 Abil: Evoke Invisibilit |       |       |       |     2 |    13 |    19 |    12 |     4 ||    50
       Evoke Flight      |       |       |       |       |       |       |       |     1 ||     1
Evoke: Wand              |       |       |     2 |    84 |    47 |     5 |    12 |     6 ||   156
       Lamp of fire      |       |       |       |     1 |     2 |     4 |     2 |     2 ||    11
       Sack of spiders   |       |       |       |       |     1 |       |     9 |       ||    10
       Box of beasts     |       |       |       |       |       |       |     1 |       ||     1
       Phial of floods   |       |       |       |       |       |       |     1 |       ||     1
  Use: Scroll            |       |       |    14 |     9 |    14 |     4 |    14 |    15 ||    70
       Potion            |       |       |     5 |       |     4 |     5 |    11 |    12 ||    37
 Stab: Sleeping          |     1 |    13 |    11 |    23 |    13 |    19 |    31 |     1 ||   112
       Distracted        |       |     1 |     4 |    17 |    22 |     8 |     6 |     4 ||    62
       Invisible         |       |       |     2 |     6 |    63 |    76 |    72 |    13 ||   232
       Held in net/web   |       |       |     2 |     1 |       |       |     6 |     3 ||    12
       Paralysed         |       |       |       |       |     3 |       |     1 |       ||     4
       Petrified         |       |       |       |       |     2 |     7 |       |       ||     9
       Petrifying        |       |       |       |       |     2 |       |       |       ||     2
       Confused          |       |       |       |       |       |     4 |    19 |       ||    23
  Eat: Ration            |       |       |     5 |     8 |    14 |    14 |    14 |     9 ||    64
Armor: Robe              |     3 |     3 |    23 |    96 |   119 |    75 |    92 |    77 ||   488
Dodge: Dodged            |    32 |   110 |   309 |  1052 |  1301 |   912 |  1534 |   841 ||  6091
       Deflected         |       |       |       |       |       |    40 |    31 |    22 ||    93
Block: Buckler           |       |       |       |    13 |   745 |   494 |   831 |   374 ||  2457
       Reflection        |       |       |       |     1 |    43 |    33 |    54 |     8 ||   139
       Rpst.: Scimitar   |       |       |       |       |    73 |       |       |       ||    73
       Demon blade       |       |       |       |       |       |       |    50 |    58 ||   108

Table legend:
 A = Spawn XP
 B = Non-spawn XP
 C = Spawn XP percentage of total XP
 D = Spawn monster count
 E = Non-spawn monster count
 F = Spawn count percentage of total count
 G = Total turns spent on level
                    A         B        C        D         E        F      G
               +---------+---------+-------+---------+---------+-------+---------
         Total |    7111 |  889755 |   0.8 |      14 |    1846 |   0.8 | 86449
               +---------+---------+-------+---------+---------+-------+---------
           D:1 |       0 |      16 |   0.0 |       0 |       9 |   0.0 |   765
           D:2 |       0 |     213 |   0.0 |       0 |      28 |   0.0 |  1279
           D:3 |       0 |     165 |   0.0 |       0 |      19 |   0.0 |  2034
           D:4 |       0 |    1255 |   0.0 |       0 |      42 |   0.0 |  2885
           D:5 |       0 |    1141 |   0.0 |       0 |      21 |   0.0 |  2086
           D:6 |       0 |    1657 |   0.0 |       0 |      48 |   0.0 |  1244
           D:7 |       0 |     491 |   0.0 |       0 |      12 |   0.0 |  1244
           D:8 |       0 |    1925 |   0.0 |       0 |      34 |   0.0 |  1486
           D:9 |       0 |    3164 |   0.0 |       0 |      59 |   0.0 |  2595
          D:10 |       0 |    5119 |   0.0 |       0 |      44 |   0.0 |  2085
          D:11 |       0 |    9964 |   0.0 |       0 |      39 |   0.0 |  1796
          D:12 |       0 |   19033 |   0.0 |       0 |      79 |   0.0 |  3124
          D:13 |       0 |   15427 |   0.0 |       0 |      58 |   0.0 |  1700
          D:14 |       0 |   10613 |   0.0 |       0 |      33 |   0.0 |  2428
          D:15 |       0 |   36484 |   0.0 |       0 |      72 |   0.0 |  2730
        Lair:1 |       0 |    5957 |   0.0 |       0 |      32 |   0.0 |  1754
        Lair:2 |       0 |    4698 |   0.0 |       0 |      23 |   0.0 |   871
        Lair:3 |       0 |   14267 |   0.0 |       0 |      44 |   0.0 |  2197
        Lair:4 |       0 |    2654 |   0.0 |       0 |      10 |   0.0 |   722
        Lair:5 |       0 |    3680 |   0.0 |       0 |      13 |   0.0 |  1220
        Lair:6 |       0 |   28599 |   0.0 |       0 |     102 |   0.0 |  2925
      Shoals:1 |       0 |    5114 |   0.0 |       0 |      13 |   0.0 |   738
      Shoals:2 |       0 |   14247 |   0.0 |       0 |      14 |   0.0 |   901
      Shoals:3 |       0 |   35062 |   0.0 |       0 |      58 |   0.0 |  1980
      Shoals:4 |       0 |   40531 |   0.0 |       0 |      69 |   0.0 |  1849
      Spider:1 |       0 |    9369 |   0.0 |       0 |      27 |   0.0 |   960
      Spider:2 |       0 |   20802 |   0.0 |       0 |      44 |   0.0 |  1490
      Spider:3 |       0 |    9139 |   0.0 |       0 |      20 |   0.0 |   828
      Spider:4 |       0 |   34008 |   0.0 |       0 |      73 |   0.0 |  2269
         Orc:1 |       0 |    4016 |   0.0 |       0 |      18 |   0.0 |  1546
         Orc:2 |       0 |   12290 |   0.0 |       0 |     120 |   0.0 |  3569
         Elf:1 |       0 |   25178 |   0.0 |       0 |      43 |   0.0 |  2787
         Elf:2 |       0 |   45047 |   0.0 |       0 |      60 |   0.0 |  3570
         Elf:3 |       0 |   69545 |   0.0 |       0 |      71 |   0.0 |  3508
      Depths:1 |       0 |   56162 |   0.0 |       0 |      93 |   0.0 |  2872
      Depths:2 |       0 |   58975 |   0.0 |       0 |      45 |   0.0 |  2886
      Depths:3 |       0 |   71161 |   0.0 |       0 |      70 |   0.0 |  3355
      Depths:4 |       0 |   45167 |   0.0 |       0 |      40 |   0.0 |  1680
      Depths:5 |       0 |   68958 |   0.0 |       0 |      62 |   0.0 |  4384
         Zot:1 |       0 |    8306 |   0.0 |       0 |       6 |   0.0 |   356
         Zot:3 |       0 |    3529 |   0.0 |       0 |       4 |   0.0 |   365
         Zot:4 |       0 |   26626 |   0.0 |       0 |       7 |   0.0 |  1032
         Zot:5 |       0 |   46849 |   0.0 |       0 |      27 |   0.0 |  1505
       Abyss:1 |      39 |       0 | 100.0 |       1 |       0 | 100.0 |   100
       Abyss:2 |    2463 |    4939 |  33.3 |       6 |      14 |  30.0 |   414
       Abyss:4 |     433 |       0 | 100.0 |       1 |       0 | 100.0 |   116
       Abyss:5 |    4176 |     980 |  81.0 |       6 |       6 |  50.0 |   212
           Lab |       0 |    1736 |   0.0 |       0 |       3 |   0.0 |   370
         IceCv |       0 |    2623 |   0.0 |       0 |      10 |   0.0 |  1106
       Volcano |       0 |    2874 |   0.0 |       0 |       8 |   0.0 |   188
               +---------+---------+-------+---------+---------+-------+---------
